 Dungeon Crawl Stone Soup version 0.23-a0-484-g29ba69c (webtiles) character file.

52 Lanoc the Spear-Bearer (level 3, -1/35 HPs)
             Began as a Gnoll Wanderer on Dec 1, 2018.
             Slain by a hobgoblin
             ... wielding a +0 club
             ... led by Robin
              (8 damage)
             ... on level 2 of the Dungeon.
             The game lasted 00:02:19 (796 turns).

Lanoc the Spear-Bearer (Gnoll Wanderer)              Turns: 796, Time: 00:02:20

Health: -1/35      AC:  2    Str: 14    XL:     3   Next: 85%
Magic:  4/4        EV: 11    Int: 16    God:
Gold:   62         SH:  0    Dex: 13    Spells: 3/3 levels left

rFire    . . .     SeeInvis .   b - +0 spear
rCold    . . .     Gourm    .   (no shield)
rNeg     . . .     Faith    .   e - +0 robe
rPois    .         Spirit   .   (no helmet)
rElec    .         Reflect  .   (no cloak)
rCorr    .         Harm     .   (no gloves)
MR       .....                  (no boots)
Stlth    ++........             (no amulet)
HPRegen  0.11/turn              (no ring)
MPRegen  0.09/turn              (no ring)

@: flying
A: distributed training, fangs 1, strong nose
a: no special abilities


You were on level 2 of the Dungeon.
You were not hungry.

You visited 1 branch of the dungeon, and saw 2 of its levels.

You collected 62 gold pieces.

Inventory:

Hand Weapons
 b - a +0 spear (weapon)
 d - a +0 blowgun
 r - a +0 hunting sling
Missiles
 c - 13 poisoned needles
 j - 3 tomahawks (quivered)
 k - 24 arrows
 s - 14 sling bullets
 t - 19 bolts
Armour
 e - a +0 robe (worn)
Wands
 a - a wand of flame (15)
Scrolls
 i - a scroll of noise {unknown}
 l - a scroll of identify {unknown}
 m - a scroll of remove curse {unknown}
 n - a scroll of magic mapping {unknown}
 o - a scroll of teleportation {unknown}
 q - a scroll of immolation {unknown}
Comestibles
 f - 4 rations
 p - 6 chunks of flesh


   Skills:
 + Level 6.5 Fighting
 + Level 0.9 Short Blades
 + Level 0.9 Long Blades
 + Level 0.9 Axes
 + Level 0.9 Maces & Flails
 + Level 8.5 Polearms
 + Level 0.9 Staves
 + Level 0.9 Slings
 + Level 0.9 Bows
 + Level 0.9 Crossbows
 + Level 2.6 Throwing
 + Level 0.9 Armour
 + Level 0.9 Dodging
 + Level 0.9 Stealth
 + Level 0.9 Shields
 + Level 2.6 Unarmed Combat
 + Level 0.9 Spellcasting
 + Level 0.6 Conjurations
 + Level 0.6 Hexes
 + Level 0.6 Charms
 + Level 0.6 Summonings
 + Level 0.6 Necromancy
 + Level 0.6 Translocations
 + Level 0.6 Transmutations
 + Level 0.6 Fire Magic
 + Level 0.6 Ice Magic
 + Level 0.6 Air Magic
 + Level 0.6 Earth Magic
 + Level 0.6 Poison Magic
 + Level 1.0 Invocations
 + Level 2.6 Evocations


You had 3 spell levels left.
You didn't know any spells.
Your spell library was empty.

Dungeon Overview and Level Annotations

Branches:
Dungeon (2/15)

Altars:

Annotations:
D:2 Robin


Innate Abilities, Weirdness & Mutations

Your experience applies equally to all skills.
You have very sharp teeth.
Your uncanny sense of smell can sniff out nearby items.


Message History

The hobgoblin hits you with a +0 club!
* * * LOW HITPOINT WARNING * * *
It was a potion of flight.
You feel very buoyant.
You fly up into the air.
The hobgoblin hits you but does no damage.
You feel better. The hobgoblin closely misses you.
You puncture the hobgoblin!
You kill the hobgoblin!
The goblin hits you.
* * * LOW HITPOINT WARNING * * *
Things that are here:
a +0 club; a hobgoblin corpse You barely miss the goblin.
The goblin hits you but does no damage.
You hit the goblin.
You kill the goblin!
You hit the hobgoblin.
The hobgoblin is severely wounded.
The hobgoblin hits you with a +0 club!
You die...

####........#..#.#
#.........#.#.#
#.........#.#.#
#.........#.#.#
#.........#...#
#.##.........##..#
#............# .>.
.#.#######)####.#
## .......gg@)#
#.# ...####g####
#.# #(. .# ∆ ##..
..+ ###


You could see Robin and 2 hobgoblins.

Vanquished Creatures
  An adder (D:2)
  2 dart slugs
  3 bats
  2 giant cockroaches (D:1)
  7 goblins
  9 hobgoblins
  2 jackals (D:2)
  3 kobolds
  6 rats
35 creatures vanquished.

Notes
Turn   | Place    | Note
-------+----------+-------------------------------------------
     0 | D:1      | Lanoc the Gnoll Wanderer began the quest for the Orb.
     0 | D:1      | Lanoc set off with the following items: a wand of flame
                  | (15), a +0 spear, 13 poisoned needles, a +0 blowgun, a +0
                  | robe, a ration
     0 | D:1      | Reached XP level 1. HP: 23/23 MP: 2/2
   103 | D:1      | Reached XP level 2. HP: 29/29 MP: 3/3
   272 | D:1      | HP: 1/29 [rat (2)]
   627 | D:1      | You fall through a shaft!
   658 | D:2      | Reached XP level 3. HP: 24/35 MP: 4/4
   711 | D:2      | Reached skill level 1 in Invocations
   749 | D:2      | Noticed Robin
   796 | D:2      | Slain by a hobgoblin

Vault maps used:
D:1:      kennysheep_arrival_seaside
D:2:      gammafunk_temple_overflow_wave,
          chequers_ecumenical_altar_simple_redux, chequers_garden,
          minmay_misc_feat_x, uniq_robin

Skill      XL: |  1  2  3 |
---------------+----------+-----
Invocations    | 1 |  1.0
Fighting       | |  6.5
Short Blades   | |  0.9
Long Blades    | |  0.9
Axes           | |  0.9
Maces & Flails | |  0.9
Polearms       | |  8.5
Staves         | |  0.9
Slings         | |  0.9
Bows           | |  0.9
Crossbows      | |  0.9
Throwing       | |  2.6
Armour         | |  0.9
Dodging        | |  0.9
Stealth        | |  0.9
Shields        | |  0.9
Unarmed Combat | |  2.6
Spellcasting   | |  0.9
Conjurations   | |  0.6
Hexes          | |  0.6
Charms         | |  0.6
Summonings     | |  0.6
Necromancy     | |  0.6
Translocations | |  0.6
Transmutations | |  0.6
Fire Magic     | |  0.6
Ice Magic      | |  0.6
Air Magic      | |  0.6
Earth Magic    | |  0.6
Poison Magic   | |  0.6
Evocations     | |  2.6

Action                   || total
-------------------------++-------
Melee: Spear             ||   153
       Bite              ||     8
  Use: Potion            ||     3
 Stab: Sleeping          ||     1
Armor: Robe              ||    31
Dodge: Dodged            ||   108

Table legend:
 A = Non-vault XP
 B = Vault XP
 C = Vault XP percentage of total XP
 D = Non-vault monster count
 E = Vault monster count
 F = Vault count percentage of total count
                 A         B        C        D         E       F
            +---------+---------+-------+---------+---------+-------
      Total |      57 |      18 |  24.0 |      26 |       9 |  25.7
            +---------+---------+-------+---------+---------+-------
        D:1 |      28 |       0 |   0.0 |      16 |       0 |   0.0
        D:2 |      29 |      18 |  38.3 |      10 |       9 |  47.4
            +---------+---------+-------+---------+---------+-------
